 Dungeon Crawl Stone Soup version 0.27-a0-931-g5a74e75d8f (webtiles) character file.

Game seed: 16054954992746159252

33 jestyr24 the Poker (level 3, 0/28 HPs)
             Began as a Merfolk Gladiator on Apr 10, 2021.
             Slain by a ball python (2 damage)
             ... on level 2 of the Dungeon.
             The game lasted 00:03:22 (1414 turns).

jestyr24 the Poker (Merfolk Gladiator)              Turns: 1414, Time: 00:03:23

Health: 0/28       AC:  4    Str: 14    XL:     3   Next: 29%
Magic:  3/3        EV: 13    Int:  8    God:
Gold:   82         SH:  0    Dex: 15    Spells: 2/2 levels left

rFire    . . .     SeeInvis .   a - +0 trident
rCold    . . .     Faith    .   (no shield)
rNeg     . . .     Spirit   .   b - +0 leather armour
rPois    .         Reflect  .   c - +0 helmet
rElec    .         Harm     .   (no cloak)
rCorr    .         Rampage  .   (no gloves)
Will     .....                  (no boots)
Stlth    +.........             (no amulet)
HPRegen  0.09/turn              (no ring)
MPRegen  0.08/turn              (no ring)

@: no status effects
A: (nimble swimmer 2), mertail
a: no special abilities


You were on level 2 of the Dungeon.
You visited 1 branch of the dungeon, and saw 2 of its levels.

You collected 82 gold pieces.

Inventory:

Hand Weapons
 a - a +0 trident (weapon)
 f - a +0 spear
Missiles
 d - 3 throwing nets (quivered)
Armour
 b - a +0 leather armour (worn)
 c - a +0 helmet (worn)
Scrolls
 e - a scroll of identify


   Skills:
 + Level 2.5 Fighting
 + Level 5.3 Polearms
 - Level 2.0 Throwing
 + Level 4.6 Dodging


You had 2 spell levels left.
You didn't know any spells.
Your spell library was empty.

Dungeon Overview and Level Annotations

Branches:
Dungeon (2/15)

Altars:


Innate Abilities, Weirdness & Mutations

((You are quick and stealthy near water. (Stealth+, EV+, Speed+++)))
Your lower body shifts to a powerful aquatic tail in water.


Message History

You kill the kobold!
You hit the worm.
The worm is lightly wounded.
The hobgoblin hits you but does no damage.
You barely miss the worm.
The worm is lightly wounded.
The hobgoblin closely misses you. The worm closely misses you.
You hit the worm.
The worm is moderately wounded.
The hobgoblin hits you but does no damage.
The worm bites you!
You completely miss the worm.
The worm is moderately wounded.
A bat comes into view.
The hobgoblin hits you.
The bat moves out of view.
You are too injured to fight recklessly!
You are too injured to fight recklessly!
You are too injured to fight recklessly!
You puncture the worm!
The worm is severely wounded.
The hobgoblin hits you. The worm bites you.
* * * LOW HITPOINT WARNING * * *
You puncture the worm!
You kill the worm!
The bat misses you. The hobgoblin barely misses you.
The bat closely misses you.
You hit the hobgoblin.
The hobgoblin is lightly wounded.
The bat hits you.
* * * LOW HITPOINT WARNING * * *
The hobgoblin hits you but does no damage.
The ball python bites you.
* * * LOW HITPOINT WARNING * * *
The ball python misses you.
You aren't carrying any potions.
As you read the scroll labelled EBA EKOUVU, it crumbles to dust.
It is a scroll of identify.
You don't have any unidentified items.
The hobgoblin misses you. The ball python bites you.
You die...

. ##......# #.
..#........ ...
.......... ##...
.........# .....
....#....####...#
...S.............
###......lw.#
#.......bSg###
#.##....##@..#
########..# ....#
#.#.# .. .. ...
.. ... . ...$


You could see a dart slug, a hobgoblin, a bat, a ball python and a frilled
lizard.

Vanquished Creatures
  2 worms
  A dart slug (D:2)
  A ball python (D:1)
  3 endoplasms (D:1)
  2 giant cockroaches
  6 goblins
  A hobgoblin (D:1)
  2 kobolds
  A bat (D:1)
  4 rats
23 creatures vanquished.

Notes
Turn   | Place    | Note
-------+----------+-------------------------------------------
     0 | D:1      | jestyr24 the Merfolk Gladiator began the quest for the Orb.
     0 | D:1      | Reached XP level 1. HP: 16/16 MP: 1/1
   246 | D:1      | Reached XP level 2. HP: 21/22 MP: 2/2
   289 | D:1      | Found a faded altar of an unknown god.
   708 | D:1      | Reached skill level 5 in Polearms
  1362 | D:2      | Reached XP level 3. HP: 28/28 MP: 3/3
  1414 | D:2      | Slain by a ball python

Illustrated notes

Levels and vault maps discovered:
D:1:      dpeg_arrival_brainrot, layout_loops_ring,
          ebering_ecumenical_altar_rust
D:2:      layout_rooms

Skill      XL: |  1  2 |
---------------+-------+-----
Polearms       | 5 |  5.3
Fighting       | |  2.5
Throwing       | |  2.0
Dodging        | |  4.6

Action                   || total
-------------------------++-------
Melee: Trident           ||    72
Throw: Throwing net      ||     1
  Use: Scroll            ||     1
 Stab: Sleeping          ||     1
Armor: Leather armour    ||    12
Dodge: Dodged            ||    31

Table legend: (Time is in decaauts)
 A = Elapsed time spent in this place.
 B = Non-inter-level travel time spent in this place.
 C = Inter-level travel time spent in this place.
 D = Time resting spent in this place.
 E = Time spent auto-exploring this place.
 F = Levels seen in this place.
 G = Mean time per level.
                   A        B        C        D        E       F      G
               +--------+--------+--------+--------+--------+-----+--------+
         Total |   1418 |   1329 |     89 |    243 |    924 |   2 |  709.0 |
       Dungeon |   1418 |   1329 |     89 |    243 |    924 |   2 |  709.0 |
               +--------+--------+--------+--------+--------+-----+--------+

Top non-repeatable levels by time:
     D:1: 1360 daAuts
     D:2: 57 daAuts
